 Dungeon Crawl Stone Soup version 0.23.0-3-gf3c87f2 (webtiles) character file.

Game seed: 5346673786268626059

464 Borgoz the Sneak (level 7, 0/50 HPs)
             Began as a Ghoul Enchanter on Feb 24, 2019.
             Was an Initiate of Ashenzari.
             Slain by Menkaure (12 damage)
             ... on level 5 of the Dungeon.
             The game lasted 00:12:17 (3971 turns).

Borgoz the Sneak (Ghoul Enchanter)                  Turns: 3971, Time: 00:12:18

Health: 0/50       AC:  7    Str: 12    XL:     7   Next: 8%
Magic:  7/8        EV:  7    Int: 10    God:    Ashenzari [......]
Gold:   54         SH:  0    Dex: 11    Spells: 4/9 levels left

rFire    . . .     SeeInvis .   a - +2 dagger
rCold    + . .     Gourm    .   (no shield)
rNeg     + + +     Faith    +   i - +0 ring mail
rPois    ∞         Spirit   .   (no helmet)
rElec    .         Reflect  .   e - +1 cloak
rCorr    +         Harm     .   (no gloves)
MR       .....                  (no boots)
Stlth    ++........             c - amulet of faith
HPRegen  0.00/turn              g - ring of resist corrosion
MPRegen  0.11/turn              (no ring)

@: vertigo, very slightly contaminated, rotting
A: rotting body, claws 1, carnivore, cold resistance 1, negative energy
resistance 3, inhibited regeneration, torment resistance, unbreathing
a: Curse Item, Renounce Religion


You were on level 5 of the Dungeon.
You worshipped Ashenzari.
Ashenzari was noncommittal.
You were not hungry.

You visited 2 branches of the dungeon, and saw 6 of its levels.

You collected 174 gold pieces.
You spent 120 gold pieces at shops.

Inventory:

Hand Weapons
 a - a +2 dagger (weapon)
Armour
 e - a +1 cloak (worn)
 i - a +0 ring mail (worn)
Jewellery
 c - an amulet of faith (around neck)
 g - a ring of resist corrosion (left claw)
Scrolls
 f - 4 scrolls of teleportation
 k - a scroll of enchant armour
 m - a scroll of remove curse
 p - 2 scrolls of fear
Potions
 h - a potion of curing
 n - a potion of flight
Comestibles
 d - 10 rations


   Skills:
 * Level 3.8 Short Blades
 + Level 2.0 Armour
 * Level 4.0 Dodging
 + Level 4.9 Stealth
 + Level 1.8 Spellcasting
 - Level 2.4 Hexes


You had 4 spell levels left.
You knew the following spells:

 Your Spells              Type           Power        Failure   Level  Hunger
a - Confuse               Hex            #.......     75%         3    ####...
b - Ensorcelled Hibernat  Hex/Ice        #.....       69%         2    ###....

Your spell library contained the following spells:

 Spells                   Type           Power        Failure   Level  Hunger
 Corona                   Hex            #......      41%         1    ##.....
 Tukima's Dance           Hex            #.......     75%         3    ####...
 Dazzling Spray           Conj/Hex       #.....       88%         3    ####...


Dungeon Overview and Level Annotations

Branches:
Dungeon (5/15)             Temple (1/1) D:4

Altars:
Ashenzari
Cheibriados
Dithmenos
Kikubaaqudgha
Nemelex Xobeh
Okawaru
Qazlal
Ru
Sif Muna
Trog
Uskayaw
Vehumet
Wu Jian
Xom
Yredelemnul

Shops:
D:4 *[[   D:5 %

Annotations:
D:5 Menkaure


Innate Abilities, Weirdness & Mutations

Your body is rotting away.
You thrive on raw meat.
You are immune to poison.
You have sharp fingernails.
You are carnivorous and can eat meat at any time.
Your flesh is cold resistant. (rC+)
You are immune to negative energy. (rN+++)
You do not regenerate when monsters are visible.
You are immune to unholy pain and torment.
You can survive without breathing.


Message History

Menkaure hits you but does no damage.
You barely miss Menkaure.
Menkaure is heavily damaged.
Menkaure hits you.
You hit Menkaure.
Menkaure is heavily damaged.
Menkaure barely misses you.
You hit Menkaure but do no damage.
Menkaure is heavily damaged.
Menkaure hits you!
* * * LOW HITPOINT WARNING * * *
You feel much better. Menkaure hits you!!
* * * LOW HITPOINT WARNING * * *
You hit Menkaure.
Menkaure is severely damaged.
Menkaure barely misses you.
You hit Menkaure.
Menkaure is severely damaged.
Menkaure hits you!
You die...

.. ... #. ..# .## #∩
## ..### .... #. ...
<..s###...## #.## ##.#
............# #..##
...
.............###.<##.#
...>...........M@....#
# ....[...#.#....## #
................## #
#.............#..## #
..#.####......>...# .
. # ##.....##... ..
##........# ...
#.......... ####
#####.....#


You could see Menkaure.

Vanquished Creatures
  An ice beast (D:5)
  A bullfrog (D:5)
  A crimson imp (D:4)
  A hound (D:4)
  An orc priest (D:4)
  A jelly (D:4)
  9 adders
  3 oozes
  An adder skeleton (D:4)
  An adder zombie (D:3)
  2 worms (D:3)
  2 dart slugs
  4 leopard geckos
  5 orcs
  A ball python (D:3)
  2 giant cockroaches
  6 goblins
  8 hobgoblins
  4 jackals
  6 bats
  3 frilled lizards
  6 kobolds
  8 rats
77 creatures vanquished.

Notes
Turn   | Place    | Note
-------+----------+-------------------------------------------
     0 | D:1      | Borgoz the Ghoul Enchanter began the quest for the Orb.
     0 | D:1      | Reached XP level 1. HP: 14/14 MP: 2/2
    45 | D:1      | Reached skill level 1 in Short Blades
   122 | D:1      | Reached XP level 2. HP: 12/20 MP: 3/3
   347 | D:1      | HP: 1/20 [hobgoblin/+0 club (6)]
   511 | D:1      | Reached XP level 3. HP: 21/26 MP: 4/4
  1339 | D:2      | Found a snail-covered altar of Cheibriados.
  1558 | D:3      | Reached XP level 4. HP: 33/33 MP: 5/5
  2193 | D:3      | Found a stormy altar of Qazlal.
  2309 | D:3      | Reached XP level 5. HP: 13/38 MP: 6/6
  2457 | D:3      | Reached skill level 1 in Armour
  2554 | D:4      | Found a staircase to the Ecumenical Temple.
  2577 | Temple   | Entered the Ecumenical Temple
  2725 | D:5      | Entered Level 5 of the Dungeon
  2725 | D:5      | Noticed an ice beast
  2759 | D:5      | Killed an ice beast
  2759 | D:5      | Reached XP level 6. HP: 14/45 MP: 7/7
  2791 | Temple   | Became a worshipper of Ashenzari the Shackled
  2840 | D:4      | Found a sparkling altar of Nemelex Xobeh.
  2840 | D:4      | Found a shadowy altar of Dithmenos.
  2960 | D:4      | Found a shimmering altar of Xom.
  2971 | D:4      | Found an ornate altar of the Wu Jian Council.
  3032 | D:4      | Found Exynozosch's Antique Armour Emporium.
  3088 | D:4      | Bought an embroidered cloak for 120 gold pieces
  3174 | D:4      | Found Bebbaetz's Antique Armour Boutique.
  3277 | D:4      | Found a deep blue altar of Sif Muna.
  3458 | D:4      | Found Poadghaty's General Store.
  3687 | D:5      | Found Poajamolaf's Food Shop.
  3724 | D:5      | Noticed Menkaure
  3857 | D:4      | Learned a level 3 spell: Confuse
  3860 | D:4      | Learned a level 2 spell: Ensorcelled Hibernation
  3883 | D:4      | Reached XP level 7. HP: 42/50 MP: 0/8
  3971 | D:5      | Slain by Menkaure

Skill      XL: |  1  2  3  4  5  6 |
---------------+-------------------+-----
Short Blades   | 1 2 3 |  3.8
Dodging        | 2 3 4 |  4.0
Stealth        | 4 |  4.9
Armour         | 1 2 |  2.0
Spellcasting   | |  1.8
Hexes          | |  2.4

Action                   |  1- 3 |  4- 6 |  7- 9 || total
-------------------------+-------+-------+-------++-------
Melee: Dagger            |   149 |   335 |    18 ||   502
 Cast: Ensorcelled Hiber |       |     3 |       ||     3
  Use: Potion            |     1 |     5 |     2 ||     8
       Scroll            |       |     8 |       ||     8
 Stab: Sleeping          |     5 |     6 |       ||    11
  Eat: Chunk             |    19 |    20 |       ||    39
Armor: Robe              |    15 |       |       ||    15
       Ring mail         |    11 |    76 |     1 ||    88
Dodge: Dodged            |    81 |   157 |     5 ||   243
